wizbiz, neutral female human Wizard ---------- ----- |........| |...| |.......{| |...| |........| --------- |....### |........| |.......| |%..| # |........| |.......| |...| ### -.-----+-- |.......+# |<..| # --------------- ### # |.......|# # -.---a@######..............| # ### ---.-----################f # |............>| ### # # # ### ####..............| #### ### ## # |.............| -.--.- # # ### --------------- |....| ### ### # |....|##### -----.--- # #---------+-----### |....| # |#......-##### #|.............|# |...>.#######|.......| #...............# ------ #.......[.##[# |.............| --------- --------------- wizbiz the Conjurer Experience level: 5 Strength: 10 Dexterity: 13 Constitution: 15 Intelligence: 18 Wisdom: 11 Charisma: 8 Health: 0(40) Energy: 30(42) Def: 1 Gold: 399 Moves: 2903 Dungeon seed: mV8Nwefcl5thN5_Q Game ID: wizbiz_1528938728 Your Inventory: Coins $ - 399 gold pieces Weapons a - a blessed +1 quarterstaff t - 18 +0 darts (in quiver) w - a +0 orcish dagger x - a cursed -1 dart z - a blessed poisoned +1 dart B - a blessed +0 sling K - the rustproof +0 Magicbane (weapon in hand) M - a +0 dagger S - 14 blessed +2 crossbow bolts Armor e - an uncursed +0 cloak of magic resistance (being worn) q - a blessed +1 alchemy smock Comestibles F - an uncursed food ration G - an uncursed carrot P - an uncursed orange Scrolls i - 2 uncursed scrolls of genocide j - an uncursed scroll of destroy armor p - an uncursed scroll of identify Q - an uncursed scroll of create monster Spellbooks k - a blessed spellbook of force bolt l - an uncursed spellbook of identify Potions f - an uncursed potion of levitation g - an uncursed potion of see invisible h - an uncursed potion of sickness Rings c - an uncursed +1 ring of increase damage (on right hand) d - an uncursed ring of slow digestion (on left hand) Wands b - a wand of polymorph (0:4) L - a wand of speed monster (0:3) Tools m - a magic marker (0:68) o - an uncursed oil lamp (0:1177) r - an uncursed tin whistle s - an uncursed mirror O - an uncursed tin whistle R - an uncursed mirror Gems n - an uncursed worthless piece of black glass y - 2 uncursed worthless pieces of white glass N - 2 uncursed worthless pieces of orange glass Spells and supernatural/magical abilities: Name Level Category Fail Memory a - force bolt 1 attack 0% 86% I - identify 3 divination 85% 86% W - pray for help -- divine ? -- Your skills at the end: Fighting Skills Weapon Skills quarterstaff [Basic] Spellcasting Skills attack spells [Basic] enchantment spells [Basic] Final Attributes: You were stridently aligned. You were magic-protected. You were telepathic. You had a +1 damage bonus. You had slower digestion. You were unlucky. You are dead. Vanquished creatures: a gnome lord a straw golem a giant ant 6 floating eyes a dwarf a homunculus 2 rothes an orc zombie 4 iguanas 3 acid blobs a hobbit a brown mold a gecko 7 jackals a fox 2 kobolds a goblin 7 grid bugs 6 lichens a kobold zombie 3 newts 52 creatures vanquished. Voluntary challenges: You used a wielded weapon 40 times, starting on turn 8. You were illiterate. You never genocided any monsters. You never polymorphed an object. You never changed form. You used no wishes. You never split a pudding. You never wrote Elbereth's name. You violated your moral code, losing 24 points of alignment, starting on turn 2351. Dungeon overview: The Dungeons of Doom: levels 1 to 5 Level 1 a long staircase Level 2 a potion shop, some altars to Thoth, some fountains Level 3 a fountain, a sink Level 4 <- You were here a fountain, a sink stairs to The Gnomish Mines Level 5 The Gnomish Mines: Level 5 stairs to The Dungeons of Doom History has recorded: On T:1 you entered the Dungeons of Doom to retrieve the Amulet of Yendor! On T:117 you reached level 2 of The Dungeons of Doom. On T:485 you advanced to experience level 2. On T:719 you advanced to experience level 3. On T:737 you reached level 3 of The Dungeons of Doom. On T:1429 you advanced to experience level 4. On T:2449 you received Magicbane from Thoth. On T:2537 you reached level 4 of The Dungeons of Doom. On T:2656 you reached level 5 of The Dungeons of Doom. On T:2810 you advanced to experience level 5. On T:2861 you reached level 1 of The Gnomish Mines. Score breakdown: Gold: 399 ( 8851 points) Experience: 5 levels (11141 points) Exploration: 5 levels ( 10.42%) ( 8751 points) Discoveries: 4 items ( 1.39%) ( 3535 points) Valuables value: (no points given unless you survive) Artifact value: 3500 (12056 points) Variety of kills: 21 monsters ( 5.51%) ( 7043 points) Turncount: 2903 turns ( -551 points) Survival: died (score multiplied by 80%) Total score: 40660 Latest messages: You displace your kitten. You see here 38 rocks. You stop exploring. The giant ant bites! (2x) You displace your kitten. You hear some noises. The giant ant bites! (3x) You miss the giant ant. The giant ant bites! (2x) The magic-absorbing blade stuns the giant ant! You kill the giant ant! You miss the giant ant. The giant ant bites! (2x) You see here 38 rocks. The giant ant bites! The spell misses the giant ant. The giant ant bites! (2x) You begin praying to Thoth. The giant ant bites! You die... Final status: Goodbye wizbiz the Wizard, killed by a giant ant, while praying... You died in The Dungeons of Doom on dungeon level 4 with 40660 points, and 399 pieces of gold, after 2903 moves. You were level 5 with a maximum of 40 hit points when you died.